 Dungeon Crawl Stone Soup version 0.30-a0-469-g84de5afbc5 (webtiles) character file.

Game seed: 2560269370308534264

4 cforsyth the Cudgeller (level 1, 0/18 HPs)
             Began as an Armataur Gladiator on Dec 19, 2022.
             Slain by a quokka (4 damage)
             ... on level 1 of the Dungeon.
             The game lasted 00:00:24 (82 turns).

cforsyth the Cudgeller (Armataur Gladiator)           Turns: 82, Time: 00:00:24

Health: 0/18       AC:  5    Str: 19    XL:     1   Next: 58%
Magic:  1/1        EV:  9    Int:  8    God:
Gold:   0          SH:  0    Dex: 11    Spells: 0/0 levels left

rFire   . . .      SeeInvis .    a - +0 flail
rCold   . . .      Faith    .    (no shield)
rNeg    . . .      Spirit   .    b - +0 leather armour
rPois   .          Reflect  .    c - +0 helmet
rElec   .          Harm     .    (no cloak)
rCorr   .          Roll     +    (no gloves)
Will    .....                    (no barding)
Stlth   +.........               (no amulet)
HPRegen 0.23/turn                (no ring)
MPRegen 0.07/turn                (no ring)

@: no status effects
A: large, rugged brown scales 3, deformed body, armoured tail, roll, long
tongue, awkward tongue
a: no special abilities


You were on level 1 of the Dungeon.
You visited 1 branch of the dungeon, and saw 1 of its levels.

Inventory:

Hand Weapons
 a - a +0 flail (weapon)
Missiles
 d - 3 throwing nets (quivered)
 e - a javelin
Armour
 b - a +0 leather armour (worn)
 c - a +0 helmet (worn)
Scrolls
 f - a scroll of fear {unknown}


   Skills:
 + Level 1.9 Fighting
 + Level 2.8 Maces & Flails
 - Level 1.7 Throwing
 + Level 0.6 Armour
 - Level 2.1 Dodging


You couldn't memorise any spells.
You didn't know any spells.
Your spell library was empty.

Dungeon Overview and Level Annotations

Branches:
Dungeon (1/15)

Altars:


Innate Abilities, Weirdness & Mutations

You are completely covered in rugged brown scales. (AC +3, +7% HP)
Armour fits poorly on your strangely shaped body.
You have a long armoured tail.
You roll when moving toward enemies. (Rampage)
Your long tongue fully drains potion bottles. (2x potion effects)
Your tongue gives you trouble enunciating. (1.5x scroll delay)


Message History

You kill the endoplasm!
The bat hits you but does no damage.
An endoplasm comes into view.
The endoplasm quivers.
The bat closely misses you.
Found 6 poisoned darts.
The bat closely misses you.
You sock the bat!
You kill the bat!
You barely miss the quokka. The quokka bites you. The quokka barely misses you.
You miss the quokka.
The quokka bites you but does no damage.
You closely miss the quokka.
You tail-slap the quokka, but do no damage.
The quokka completely misses you.
The endoplasm hits you but does no damage.
You hit the quokka.
The quokka is moderately wounded.
The quokka bites you. The endoplasm freezes you.
You are frozen.
The quokka closely misses you. The endoplasm hits you.
You miss the quokka.
The quokka is moderately wounded.
The quokka barely misses you. The endoplasm freezes you.
You are frozen.
The quokka completely misses you.
You sock the endoplasm!
You kill the endoplasm!
The quokka twitches its whiskers.
The quokka completely misses you.
You miss the quokka.
The quokka is moderately wounded.
The quokka completely misses you. The quokka barely misses you.
You closely miss the quokka.
The quokka is moderately wounded.
The quokka bites you.
* * * LOW HITPOINT WARNING * * *
You barely miss the quokka.
Your tail-slap misses the quokka.
The quokka is moderately wounded.
The quokka bites you.
You die...

..................###
...................... .
....#.#.#.#.#.#.#.#.. ..
......#............ ...
#.#.#.#...#.#.#.#
#...#..#............
......#.#..)..#.#.#
#.......r...†.....######
......#@†.....#.........
.......................#
......#.#.#.#...........
........................
##....#)#.#.##..........
#......................
#....#.#.#.............
#(. ... .###.........
#..........


You could see a quokka.

Vanquished Creatures
  2 endoplasms (D:1)
  2 bats (D:1)
  A rat (D:1)
5 creatures vanquished.

Notes
Turn   | Place    | Note
-------+----------+-------------------------------------------
     0 | D:1      | cforsyth the Armataur Gladiator began the quest for the
                  | Orb.
     0 | D:1      | Reached XP level 1. HP: 18/18 MP: 1/1
    82 | D:1      | Slain by a quokka

Illustrated notes

Levels and vault maps discovered:
D:1:      dpeg_arrival_round_a, layout_rooms, hangedman_decor_riveting

Action                   || total
-------------------------++-------
Melee: Flail             ||    21
       Tailslap          ||     1
Armor: Leather armour    ||    14
Dodge: Dodged            ||    15

Table legend: (Time is in decaauts)
 A = Elapsed time spent in this place.
 B = Non-inter-level travel time spent in this place.
 C = Inter-level travel time spent in this place.
 D = Time resting spent in this place.
 E = Time spent auto-exploring this place.
 F = Levels seen in this place.
 G = Mean time per level.
                   A        B        C        D        E       F      G
               +--------+--------+--------+--------+--------+-----+--------+
         Total |     87 |     87 |      0 |      0 |     48 |   1 |   87.0 |
       Dungeon |     87 |     87 |      0 |      0 |     48 |   1 |   87.0 |
               +--------+--------+--------+--------+--------+-----+--------+

Top non-repeatable levels by time:
     D:1: 87 daAuts
